 Dungeon Crawl Stone Soup version 0.31-a0-210-gccc998df9b (webtiles) character file.

Game seed: 17761258563197535449

22 qw the Shooter (level 2, -1/24 HPs)
             Began as a Minotaur Hexslinger on June 29, 2023.
             Killed from afar by an orc wizard (5 damage)
             ... with a magic dart
             ... on level 2 of the Dungeon.
             The game lasted 00:00:19 (792 turns).

qw the Shooter (Minotaur Hexslinger)                 Turns: 792, Time: 00:00:19

Health: -1/24      AC:  2    Str: 12    XL:     2   Next: 68%
Magic:  2/2        EV: 12    Int: 10    God:
Gold:   96         SH:  0    Dex: 12    Spells: 2/3 levels left

rFire   . . .        Y - +1 sling
rCold   + . .        (no shield)
rNeg    . . .        c - +0 robe
rPois   .            (helmet restricted)
rElec   .            (no cloak)
rCorr   .            (no gloves)
SInv    .            (no boots)
Will    .....        (no amulet)
Stlth   +            d - ring of protection from cold
HPRegen 0.24/turn    (no ring)
MPRegen 0.08/turn

%: no passive effects
@: no status effects
A: horns 2, retaliatory headbutt
a: no special abilities


You were on level 2 of the Dungeon.
You visited 1 branch of the dungeon, and saw 2 of its levels.

You collected 96 gold pieces.


Innate Abilities, Weirdness & Mutations

You have a pair of horns on your head.
You reflexively headbutt those who attack you in melee.


   Skills:
 - Level 2.0 Fighting
 + Level 3.3 Ranged Weapons
 - Level 2.1 Dodging
 - Level 1.0 Spellcasting
 - Level 2.0 Hexes


You had 2 spell levels left.
You knew the following spells:

 Your Spells              Type           Power      Damage    Failure   Level
a - Slow                  Hex            16%        N/A       16%         1

Your spell library contained the following spells:

 Spells                   Type           Power      Damage    Failure   Level
 Inner Flame              Hex/Fire       2%         N/A       56%         3
 Portal Projectile        Hex/Tloc       4%         N/A       56%         3
 Cause Fear               Hex            2%         N/A       83%         4

Inventory:

Hand Weapons
 Y - a +1 sling (weapon)
Armour
 c - a +0 robe (worn)
Jewellery
 d - a ring of protection from cold (left hand)
Potions
 i - a potion of magic {unknown}
 j - a potion of curing {unknown}
 k - a potion of might {unknown}

Dungeon Overview and Level Annotations

Branches:
Dungeon (2/15)

Altars:


Message History

An orc comes into view. It is wielding a +0 club.
You shoot a sling bullet.
The sling bullet completely misses the orc wizard.
The sling bullet hits the orc.
The orc is moderately wounded.
You shoot a sling bullet.
The sling bullet hits the orc wizard but does no damage.
The orc wizard is moderately wounded.
You shoot a sling bullet. The sling bullet hits the orc wizard.
The orc wizard is heavily wounded.
The orc wizard closely misses you. You furiously retaliate!
You headbutt the orc wizard, but do no damage.
You shoot a sling bullet.
The sling bullet barely misses the orc wizard.
The orc wizard hits you with a +0 dagger.
The orc wizard gestures at you while chanting.
The magic dart hits you!
You shoot a sling bullet. The sling bullet misses the orc wizard.
You shoot a sling bullet.
The sling bullet hits the orc wizard but does no damage.
The orc wizard is heavily wounded.
The orc closely misses you.
The orc wizard hits you with a +0 dagger.
You shoot a sling bullet. The sling bullet hits the orc wizard.
The orc wizard is severely wounded.
The orc barely misses you.
The orc wizard hits you with a +0 dagger.
You shoot a sling bullet.
The sling bullet barely misses the orc wizard.
The orc hits you with a +0 club.
The orc wizard hits you but does no damage.
You shoot a sling bullet.
The sling bullet barely misses the orc wizard.
The orc hits you with a +0 club. The orc wizard barely misses you.
The orc closely misses you. You furiously retaliate!
You headbutt the orc.
You kill the orc!
An orc comes into view. It is wielding a +0 club.
The orc wizard gestures at you while chanting.
The magic dart hits you.
You die...

#..<......###### #.#
##. #.....>..##
#.####. #........# .
#...... #........#
..[ #......
#.....:..# ##..o
........ #........#
..... .......#
######........# .....
.#.....
#.............####..#
#.....
#.....####.##...@).#
#..... #.....#
#......o### ####..
#.....# ####....#
#.....##########.#
#..............#.#
#.....########.#.#
#.....# #...##
###############...#
#.....<....##


You could see an orc wizard and an orc (wandering).

Vanquished Creatures
  An orc (D:2)
  A ball python (D:1)
  2 bats (D:1)
  An endoplasm (D:1)
  A giant cockroach (D:2)
  A goblin (D:1)
  3 hobgoblins
  3 jackals (D:1)
  A quokka (D:1)
  2 kobolds (D:1)
  3 rats
19 creatures vanquished.

Notes
Turn   | Place    | Note
-------+----------+-------------------------------------------
     0 | D:1      | qw the Minotaur Hexslinger began the quest for the Orb.
     0 | D:1      | Reached XP level 1. HP: 16/16 MP: 1/1
     0 | D:1      | 0 ||| qw: Version: 0.3-a-24-ga2abf7b
     0 | D:1      | 0 ||| qw: Game counter: 6836
     0 | D:1      | 0 ||| qw: Melee chars always use a shield: true
     0 | D:1      | 0 ||| qw: God list: Okawaru
     0 | D:1      | 0 ||| qw: Allow faded altars: false
     0 | D:1      | 0 ||| qw: Do Orc after clearing Dungeon:15 true
     0 | D:1      | 0 ||| qw: Do second Lair branch before Depths: true
     0 | D:1      | 0 ||| qw: Lair rune preference: random
     0 | D:1      | 0 ||| qw: Goals: Normal
     0 | D:1      | 0 ||| PLANNING D:1-11
   185 | D:1      | Reached skill level 3 in Ranged Weapons
   185 | D:1      | Reached XP level 2. HP: 21/23 MP: 2/2
   368 | D:1      | Found a faded altar of an unknown god.
   608 | D:1      | 608 ||| UPGRADING to ring of protection from cold.
   609 | D:1      | 609 ||| DROPPING +6 ring of intelligence.
   610 | D:1      | 610 ||| READING scroll labelled USOAPO WENEG.
   611 | D:1      | 611 ||| READING scroll labelled PEALUP IZY JE HAPS.
   612 | D:1      | 612 ||| READING scroll labelled AXUOLU PAREU.
   613 | D:1      | 613 ||| DROPPING scroll of poison.
   792 | D:2      | HP: 4/24 [orc/+0 club (4)]
   792 | D:2      | Killed from afar by an orc wizard

Levels and vault maps discovered:
D:1:      tekkud_arrival_beachfront_property, layout_loops_ring,
          ebering_ecumenical_altar_box
D:2:      minmay_razor_zed, layout_rooms, minmay_surrounded

Skill      XL: |  1  2 |
---------------+-------+-----
Ranged Weapons | 3 |  3.3
Fighting       | 2 |  2.0
Dodging        | |  2.1
Spellcasting   | |  1.0
Hexes          | |  2.0

Action                     || total
---------------------------++-------
   Fire: Sling             ||    64
    Use: Scroll            ||     3
 Armour: Robe              ||    10
  Dodge: Dodged            ||    16

Table legend:
 A = Non-vault XP
 B = Vault XP
 C = Vault XP percentage of total XP
 D = Non-vault monster count
 E = Vault monster count
 F = Vault count percentage of total count
                 A         B        C        D         E       F
            +---------+---------+-------+---------+---------+-------
      Total |      35 |       0 |   0.0 |      19 |       0 |   0.0
            +---------+---------+-------+---------+---------+-------
        D:1 |      27 |       0 |   0.0 |      15 |       0 |   0.0
        D:2 |       8 |       0 |   0.0 |       4 |       0 |   0.0
            +---------+---------+-------+---------+---------+-------
